Map: [ESL] Oceanborn

Players

Dolan

  • Race: Terran Terran
  • Spawn Location: 5:00

DisK - Winner!

  • Race: Protoss Protoss
  • Spawn Location: 11:00

Event: ESL SC2 Masters 2024 Spring (Regional)

VOD

Have the link to the VOD?

Description

Time

  • Played on: April 20, 2024, 12:39 p.m.
  • Length: 8:59

All games in this series

Show
View Real Time Build Order
Export as new Build Order

Dolan Terran 

Build Orders:  

Get SALT Encoding   

  12  0:00  SCV  
  13  0:12  SCV  
  14  0:17  Supply Depot  
  14  0:24  SCV  
  15  0:38  SCV  
  15  0:40  Barracks  
  16  0:43  Refinery  
  16  0:50  SCV  
  17  1:02  SCV  
  18  1:15  SCV  
  19  1:27  Orbital Command, Marine  
  20  1:39  Command Center  
  20  1:45  Barracks Reactor  
  20  1:53  SCV  
  20  1:54  Supply Depot  
  21  2:05  SCV  
  21  2:06  Factory  
  22  2:10  Refinery  
  22  2:17  SCV  
  22  2:21  Marine x2  
  25  2:29  SCV  
  26  2:39  Marine x2  
  26  2:41  SCV  
  29  2:53  SCV, Orbital Command  
  29  2:57  Starport  
  29  2:58  Widow Mine  
  32  3:02  Marine x2  
  32  3:05  SCV  
  35  3:17  SCV  
  35  3:18  SCV  
  35  3:19  Widow Mine  
  39  3:23  Supply Depot  
  39  3:26  Bunker  
  39  3:29  Marine  
  39  3:30  Marine  
  41  3:35  Medivac  
  41  3:36  SCV x2  
  41  3:40  Factory Tech Lab  
  45  3:47  Marine x2  
  45  3:48  SCV x2  
  49  3:59  Siege Tank, Supply Depot  
  52  4:11  Marine x2  
  54  4:17  Supply Depot  
  54  4:20  SCV x2, Liberator  
  54  4:21  Supply Depot  
  59  4:33  SCV x2  
  61  4:38  Siege Tank  
  61  4:43  Marine x2  
  66  4:46  SCV x2  
  66  4:47  Barracks  
  66  4:49  Barracks  
  68  5:00  Marine x2  
  68  5:02  SCV x2  
  68  5:04  Refinery  
  68  5:05  Refinery  
  72  5:08  Engineering Bay  
  72  5:09  Supply Depot  
  72  5:18  Siege Tank, Marine  
  72  5:19  Marine  
  73  5:24  SCV x2  
  73  5:25  Starport Tech Lab  
  71  5:36  SCV x2  
  72  5:48  SCV x2, Barracks Tech Lab, Marine x2  
  71  5:54  Starport Reactor  
  69  5:58  Stimpack, Marauder  
  69  6:00  SCV x2, Terran Infantry Weapons Level 1  
  69  6:03  Supply Depot  
  73  6:04  Supply Depot  
  73  6:12  SCV x2  
  73  6:16  Marine x2, Marauder  
  73  6:17  Combat Shield  
  79  6:19  Marauder  
  79  6:24  SCV x2, Factory Reactor  
  78  6:33  Medivac x2  
  78  6:34  Marine x2  
  78  6:36  SCV x2  
  78  6:37  Supply Depot  
  78  6:38  Supply Depot  
  78  6:39  Marauder  
  88  6:40  Marine  
  88  6:46  Supply Depot  
  89  6:52  Marine  
  89  6:53  Marine  
  91  6:59  Marauder  
  91  7:01  Supply Depot, Marauder  
  95  7:06  Widow Mine x2, Medivac x2  
  103  7:14  Marine  
  103  7:15  Marine  
  105  7:20  Marauder  
  105  7:22  Marauder  
  104  7:30  Widow Mine x2  
  104  7:32  Marine x2  
  110  7:41  Marauder  
  110  7:43  Marauder  
  114  7:45  Command Center  
  114  7:54  Concussive Shells  
  109  7:59  Marine  
  109  8:00  Widow Mine, Medivac x2, Marine  
  109  8:01  Widow Mine  
  109  8:03  Marauder  
  109  8:05  Barracks, Marauder  
  123  8:08  Barracks  
  123  8:11  SCV x2  
  105  8:23  Marine x2  
  105  8:24  Marauder  
  105  8:25  SCV x2  
  105  8:26  Marauder  
  94  8:34  Widow Mine x2  
  94  8:41  Marine x2  
Show
View Real Time Build Order
Export as new Build Order

DisK Protoss - Winner!

Build Orders: 1 Gate Expand, Blink Stalkers 

Get SALT Encoding   

  12  0:00  Probe  
  13  0:12  Probe  
  14  0:17  Pylon  
  14  0:24  Probe (Chrono Boost)  
  15  0:35  Gateway  
  15  0:36  Probe (Chrono Boost)  
  16  0:45  Probe (Chrono Boost)  
  16  0:46  Assimilator  
  17  0:50  Probe  
  18  1:02  Probe  
  19  1:15  Probe  
  20  1:22  Cybernetics Core  
  22  1:32  Nexus  
  20  1:34  Probe  
  21  1:41  Pylon  
  21  1:46  Assimilator  
  21  1:49  Probe  
  22  1:57  Adept (Chrono Boost)  
  22  2:01  Warp Gate  
  24  2:02  Probe  
  25  2:15  Probe  
  26  2:21  Twilight Council  
  26  2:23  Adept (Chrono Boost)  
  26  2:28  Probe  
  29  2:40  Probe  
  29  2:44  Probe  
  31  2:47  Gateway  
  31  2:52  Blink (Chrono Boost), Probe  
  31  2:57  Probe  
  33  3:09  Stalker  
  33  3:10  Probe  
  33  3:11  Probe  
  35  3:20  Robotics Facility  
  35  3:22  Probe  
  35  3:26  Probe  
  37  3:30  Shield Battery  
  37  3:34  Probe  
  37  3:38  Probe  
  39  3:42  Pylon  
  39  3:46  Probe  
  40  3:50  Probe  
  40  3:52  Stalker x2  
  45  3:58  Probe  
  45  4:02  Probe  
  47  4:09  Observer  
  47  4:11  Nexus  
  47  4:16  Stalker  
  50  4:20  Probe  
  50  4:21  Probe  
  50  4:23  Stalker  
  54  4:29  Pylon  
  54  4:30  Pylon  
  52  4:47  Immortal  
  52  4:49  Stalker x2  
  52  4:51  Shield Battery  
  58  5:00  Probe  
  59  5:08  Forge  
  59  5:12  Pylon  
  59  5:15  Probe  
  59  5:17  Stalker  
  59  5:18  Stalker  
  64  5:22  Probe  
  65  5:29  Probe  
  65  5:30  Probe  
  65  5:34  Probe  
  65  5:35  Observer  
  68  5:41  Stalker x2, Probe (Chrono Boost)  
  73  5:44  Probe (Chrono Boost)  
  73  5:47  Probe (Chrono Boost)  
  72  5:52  Charge  
  72  5:53  Probe (Chrono Boost)  
  72  5:56  Assimilator  
  75  5:58  Probe (Chrono Boost)  
  75  6:00  Probe (Chrono Boost)  
  75  6:01  Probe (Chrono Boost)  
  75  6:03  Probe (Chrono Boost)  
  76  6:05  Gateway  
  76  6:07  Probe  
  76  6:09  Probe, Gateway  
  78  6:20  Gateway  
  78  6:22  Gateway  
  78  6:23  Protoss Ground Weapons Level 1 (Chrono Boost)  
  78  6:25  Probe x2  
  80  6:27  Probe  
  80  6:30  Gateway x2  
  81  6:35  Pylon  
  81  6:39  Pylon  
  81  6:40  Probe x3  
  81  6:43  Sentry  
  81  6:44  Sentry  
  88  6:48  Pylon  
  88  6:57  Nexus  
  88  6:58  Pylon  
  88  7:02  Zealot  
  88  7:04  Immortal (Chrono Boost)  
  88  7:08  Zealot  
  96  7:09  Sentry  
  96  7:11  Probe x2  
  96  7:12  Probe  
  101  7:17  Pylon  
  101  7:25  Zealot x4  
  101  7:26  Zealot x2  
  113  7:35  Pylon  
  112  7:37  Warp Prism (Chrono Boost)  
  112  7:38  Stalker x2  
  112  7:42  Shield Battery  
  118  7:46  Probe x3  
  121  7:57  Zealot x5  
  127  8:08  Zealot x3  
  129  8:24  Zealot x5  
  129  8:25  Probe x3  
  129  8:26  Probe  
  140  8:31  Robotics Bay  
  140  8:33  Robotics Facility  
  138  8:38  Pylon  
  126  8:51  Zealot x8  
Tags
 
Add a new tag
Caveats
  • Supply blocks, unpowered buildings, or Contaminate may cause inaccurate times.
  • Supply counts are checked every 10 seconds.